 Dungeon Crawl Stone Soup version 0.17.0-28-g6e173f8 (webtiles) character file.

84 PossumBlood the Covered (level 4, 0/35 HPs)
             Began as a Human Fighter on Nov 27, 2015.
             Slain by an orc warrior
             ... wielding a +0 short sword
              (10 damage)
             ... on level 4 of the Dungeon.
             The game lasted 00:11:54 (3854 turns).

PossumBlood the Covered (Human Fighter)             Turns: 3854, Time: 00:11:54

Health: 0/35       AC: 13    Str: 17    XL:     4   Next: 72%
Magic:  4/4        EV:  7    Int:  9    God:
Gold:   115        SH:  9    Dex: 12    Spells: 0 memorised, 3 levels left

rFire  . . .     SeeInvis .     a - +1 long sword
rCold  . . .     Clarity  .     b - +0 scale mail
rNeg   . . .     SustAt   +     c - +0 shield
rPois  .         Gourm    .     j - +2 helmet
rElec  .         Spirit   .     n - +1 cloak
rCorr  .         Warding  .     y - +0 pair of gloves
rMut   .         Stasis   .     (no boots)
MR     .....                    (no amulet)
Stlth  ..........               q - ring of sustain attributes
                                h - ring of flight

@: not resistant to hostile enchantments, extremely unstealthy
A: no striking features
a: Evoke Flight


You were on level 4 of the Dungeon.
You were not hungry.

You visited 1 branch of the dungeon, and saw 4 of its levels.

You collected 115 gold pieces.

Inventory:

Hand Weapons
 a - a +1 long sword (weapon)
Armour
 b - a +0 scale mail (worn)
 c - a +0 shield (worn)
 j - a +2 helmet (worn)
 n - a +1 cloak (worn)
 y - a +0 pair of gloves (worn)
Magical Staves
 p - an uncursed staff of cold {unknown}
Jewellery
 h - a ring of flight (left hand)
 q - a ring of sustain attributes (right hand)
Scrolls
 g - 2 scrolls of identify
 t - 3 scrolls of enchant weapon
 x - a scroll of random uselessness {unknown}
 A - a scroll of fog {unknown}
Potions
 d - a potion of might
 f - a potion of poison {unknown}
 i - a potion of degeneration {unknown}
 l - a potion of heal wounds {unknown}
 m - a potion of invisibility {unknown}
 o - a potion of flight {unknown}
 r - a potion of mutation {unknown}
 s - 3 potions of lignification {unknown}
 u - a potion of ambrosia {unknown}
 w - a potion of magic {unknown}
 z - a potion of haste {unknown}
Comestibles
 e - 3 bread rations
 k - a beef jerky
 v - a meat ration
 B - 2 chunks of flesh


   Skills:
 + Level 3.4 Fighting
 + Level 2.5 Long Blades
 + Level 3.6 Armour
 + Level 1.5 Dodging
 + Level 3.5 Shields


You had 3 spell levels left.
You didn't know any spells.

Dungeon Overview and Level Annotations

Branches:
Dungeon (4/15)
 Temple: D:4-7

Altars:
Elyvilon
Xom
The Shining One


Message History

* * * LOW HITPOINT WARNING * * *
The orc hits you but does no damage. You block the orc's attack.
The orc warrior closely misses you.
You hit the orc.
You kill the orc!
You block the orc's attack. x2
You block the orc warrior's attack. The orc barely misses you.
The orc hits you but does no damage.
The orc warrior hits you but does no damage.
You closely miss the orc. The orc hits you but does no damage.
You block the orc's attack.
The orc warrior hits you but does no damage.
Your shield and scale mail prevent you from hitting the orc.
You block the orc's attack.
The orc warrior hits you but does no damage.
You block the orc's attack.
You hit the orc.
The orc is heavily wounded.
The orc warrior hits you with a short sword!
You die...

.......#......#..........#.......
.......+.<....#..........+.......
####.###......#..........#.......
..##.#........#######...##.......
.....#.............##...##......#
.....#..............#...##......#
...).#..............#...##......#
..)).#.........)oo..'....#.......
.....'....%....#@#########.......
....o#...._....o...##...##.......
.....#..........%..#....#........
...###.............#....#####+##.
...###.............#....#........
...................#....#........
........#....#...>.'....#........
........#....#.....######........
######+####'##...................


You could see an orc warrior and 2 orcs.

Vanquished Creatures
  An adder (D:2)
  5 worms
  8 orcs
  2 ball pythons
  3 giant cockroaches (D:2)
  6 goblins
  3 hobgoblins
  3 bats (D:3)
  2 giant geckos
  3 giant newts
  10 kobolds
  A quokka (D:2)
  6 rats
53 creatures vanquished.

Vanquished Creatures (others)
  5 sheep (D:4)
5 creatures vanquished.

Grand Total: 58 creatures vanquished

Notes
Turn   | Place    | Note
--------------------------------------------------------------
     0 | D:1      | PossumBlood the Human Fighter began the quest for the Orb.
     0 | D:1      | Reached XP level 1. HP: 18/18 MP: 1/1
   269 | D:1      | Reached XP level 2. HP: 24/24 MP: 2/2
  1005 | D:2      | Reached XP level 3. HP: 18/29 MP: 3/3
  1209 | D:2      | Found a glowing golden altar of the Shining One.
  1767 | D:2      | Found a white marble altar of Elyvilon.
  1841 | D:2      | Reached skill level 1 in Dodging
  2415 | D:3      | Reached XP level 4. HP: 28/35 MP: 4/4
  3662 | D:4      | Found a shimmering altar of Xom.
  3829 | D:4      | Noticed an orc warrior
  3854 | D:4      | Slain by an orc warrior

Action                   |  1- 3 |  4- 6 || total
-------------------------+-------+-------++-------
Melee: Long sword        |   136 |    88 ||   224
  Use: Scroll            |     2 |     5 ||     7
       Potion            |     1 |       ||     1
  Eat: Bread ration      |     1 |     1 ||     2
       Chunk             |       |     1 ||     1
